[Event "European Online Club-ch-I 2021"]
[Site "Online"]
[Date "2021.03.27"]
[Round "2.2"]
[White "Marechal, Andy"]
[Black "Van Hoolandt, Patrick"]
[Result "1-0"]
[ECO "C54"]
[WhiteElo "2332"]
[BlackElo "2017"]
[Annotator "NA"]
[PlyCount "97"]
[EventDate "2021.03.27"]
[EventType "team-tourn"]
[EventCountry "NET"]
[SourceTitle "playchess.com"]
[Source "ChessBase"]
[SourceQuality "1"]
[TimeControl "900+5"]

1. e4 e5 2. Nf3 Nc6 3. Bc4 Bc5 4. c3 Nf6 5. d3 a6 6. Bb3 Ba7 7. h3 h6 8. Nbd2 d6 9. Nf1 d5 10. Qe2 dxe4 11. dxe4 Qe7 12. Ng3 O-O 13. Nh4 Be6 14. Nhf5 Qe8 15. Qf3 Nh7 16. Bxh6 g6 17. Ne3 Bxb3 18. axb3 Qe6 19. Bxf8 Rxf8 20. Nd5 Nd8 21. Qg4 Qd6 22. Nf5 Qc5 23. O-O Kh8 24. Qh4 Qc6 25. Nfe3 f5 26. Rad1 g5 27. Qh5 fxe4 28. Ne7 Qf6 29. Ng6+ Kg7 30. Nxf8 Nxf8 31. Ng4 Qe7 32. Qh6+ Kf7 33. Qf6+ Qxf6 34. Nxf6 Nde6 35. Nxe4 Ke7 36. Rfe1 Ng6 37. g3 Ngf8 38. Kg2 Nd7 39. Kf3 a5 40. Ra1 Bb6 41. Rad1 Nb8 42. h4 gxh4 43. gxh4 Kf7 44. Rg1 Nf4 45. Rg5 Nc6 46. Rd7+ Ke6 47. Rh7 Nh3 48. Rg6+ Kd5 49. Rd7# 1-0

[Event "European Online Club-ch-I 2021"]
[Site "Online"]
[Date "2021.03.27"]
[Round "2.3"]
[White "Meylan, Pierre"]
[Black "Dishman, Stephen"]
[Result "1/2-1/2"]
[ECO "B18"]
[WhiteElo "2053"]
[BlackElo "2316"]
[Annotator "NA"]
[PlyCount "114"]
[EventDate "2021.03.27"]
[EventType "team-tourn"]
[EventCountry "NET"]
[SourceTitle "playchess.com"]
[Source "ChessBase"]
[SourceQuality "1"]
[TimeControl "900+5"]

1. e4 c6 2. d4 d5 3. Nd2 dxe4 4. Nxe4 Bf5 5. Ng3 Bg6 6. Nf3 Nd7 7. Bd3 e6 8. O-O Ngf6 9. Re1 Be7 10. Bf4 Qb6 11. b3 c5 12. c4 cxd4 13. Bxg6 hxg6 14. Qxd4 Bc5 15. Qd2 Bb4 16. Qd3 Nc5 17. Qc2 Bxe1 18. Rxe1 O-O 19. Ne5 Rad8 20. Bg5 Rd6 21. Bxf6 gxf6 22. Nxg6 Rfd8 23. Nh5 Rd2 24. Nxf6+ Kg7 25. Nh5+ Kh6 26. Qc3 R8d4 27. Ngf4 Rd1 28. Kf1 Qd6 29. Rxd1 Rxd1+ 30. Ke2 Qd4 31. Qxd4 Rxd4 32. Ke3 Re4+ 33. Kf3 e5 34. Ne2 Rxe2 35. Kxe2 Kxh5 36. Ke3 f5 37. g3 Kg4 38. h4 f4+ 39. Ke2 fxg3 40. fxg3 Ne4 41. h5 Nxg3+ 42. Ke3 Kf5 43. h6 Kg6 44. Kf3 Nf5 45. h7 Kxh7 46. Ke4 Kg6 47. Kxe5 Ne3 48. c5 Kf7 49. Kd6 Ke8 50. Kc7 b6 51. cxb6 Nd5+ 52. Kb7 axb6 53. Kc6 Nb4+ 54. Kxb6 Nxa2 55. b4 Kd7 56. b5 Nc3 57. Kc5 Nxb5 1/2-1/2

[Event "European Online Club-ch-I 2021"]
[Site "Online"]
[Date "2021.03.27"]
[Round "2.4"]
[White "Schwerteck, Michael"]
[Black "Rapaire, Jean-Michel"]
[Result "1-0"]
[ECO "A41"]
[WhiteElo "2113"]
[BlackElo "1739"]
[Annotator "NA"]
[PlyCount "49"]
[EventDate "2021.03.27"]
[EventType "team-tourn"]
[EventCountry "NET"]
[SourceTitle "playchess.com"]
[Source "ChessBase"]
[SourceQuality "1"]
[TimeControl "900+5"]

1. d4 d6 2. g3 e5 3. dxe5 dxe5 4. Qxd8+ Kxd8 5. Nc3 c6 6. f4 Bd6 7. Ne4 Bc7 8. fxe5 Bxe5 9. Nf3 f6 10. Nxe5 fxe5 11. Bg5+ Kc7 12. O-O-O Nd7 13. Bh3 Ngf6 14. Nd6 h6 15. Bxf6 Nxf6 16. Nxc8 Raxc8 17. Bxc8 Rxc8 18. Rhf1 Rd8 19. Rxd8 Kxd8 20. Kd2 Ke7 21. h3 g5 22. g4 Nd5 23. Rf5 Ke6 24. Rf8 Nf4 25. Rh8 1-0

[Event "European Online Club-ch-I 2021"]
[Site "Online"]
[Date "2021.03.27"]
[Round "2.5"]
[White "Sorensen, Jan"]
[Black "Batsiashvili, Nino"]
[Result "1/2-1/2"]
[ECO "B10"]
[WhiteElo "2369"]
[BlackElo "2491"]
[Annotator "ChessBase"]
[PlyCount "147"]
[EventDate "2021.03.27"]
[EventType "team-tourn"]
[EventCountry "NET"]
[SourceTitle "playchess.com"]
[Source "ChessBase"]
[SourceQuality "1"]
[TimeControl "900+5"]

1. e4 c6 2. Nf3 d5 3. d3 dxe4 4. dxe4 Qxd1+ 5. Kxd1 g6 6. c3 Nd7 7. Ne1 a5 8. a4 Nc5 9. Nd2 Bh6 10. Nd3 Bxd2 11. Nxc5 Bxc1 12. Rxc1 Nf6 13. f3 b6 14. Nd3 Be6 15. Kc2 g5 16. Ne5 Rc8 17. Bc4 Bxc4 18. Nxc4 Rb8 19. Rcd1 O-O 20. Rd2 h5 21. Rhd1 Kg7 22. Ne3 e6 23. Nc4 Rfc8 24. Rd6 Rc7 25. Ne5 Rbc8 26. Nc4 Rb7 27. Ne5 Rbc7 28. Nc4 Rb7 29. Rd8 Rxd8 30. Rxd8 Nd7 31. Nd6 Ra7 32. Nc4 Kf6 33. Rc8 b5 34. axb5 cxb5 35. Nd6 b4 36. cxb4 axb4 37. Rc4 h4 38. Rxb4 h3 39. g3 Ne5 40. f4 Nf3 41. e5+ Kg6 42. fxg5 Nxh2 43. Rh4 Nf3 44. Rxh3 Nxe5 45. Ne4 Kf5 46. Rh4 Rc7+ 47. Kb3 Ng6 48. Nd6+ Kxg5 49. Rh7 Ne5 50. Rg7+ Kh6 51. Rg8 Rc6 52. Ne4 f5 53. Ng5 Ng4 54. Nf7+ Kh7 55. Re8 Kg7 56. Nd8 Rb6+ 57. Kc3 e5 58. b4 e4 59. Kc4 Nf6 60. Re5 Kg6 61. b5 Kg5 62. Ne6+ Kg4 63. Nd4 Rb8 64. Nxf5 Nd7 65. Re7 Nb6+ 66. Kd4 Kxf5 67. Re5+ Kg4 68. Rxe4+ Kxg3 69. Kc5 Kf3 70. Re6 Na4+ 71. Kb4 Nb6 72. Kc5 Na4+ 73. Kb4 Nb6 74. Kc5 1/2-1/2

[Event "European Online Club-ch-I 2021"]
[Site "Online"]
[Date "2021.03.27"]
[Round "2.6"]
[White "Javakhishvili, Lela"]
[Black "Vinter-Schou, Uffe"]
[Result "0-1"]
[ECO "A70"]
[WhiteElo "2473"]
[BlackElo "2320"]
[Annotator "ChessBase"]
[PlyCount "92"]
[EventDate "2021.03.27"]
[EventType "team-tourn"]
[EventCountry "NET"]
[SourceTitle "playchess.com"]
[Source "ChessBase"]
[SourceQuality "1"]
[TimeControl "900+5"]

1. d4 Nf6 2. c4 e6 3. Nf3 c5 4. d5 exd5 5. cxd5 d6 6. Nc3 g6 7. h3 Bg7 8. e4 O-O 9. Bd3 a6 10. a4 Nbd7 11. O-O Nh5 12. g4 Nhf6 13. Bf4 Qe7 14. Qd2 h5 15. Bg5 hxg4 16. hxg4 Re8 17. Rfe1 Qf8 18. Nh2 Ne5 19. Be2 Nfxg4 20. f4 Nxh2 21. Kxh2 Ng4+ 22. Kg3 f6 23. Bh4 g5 24. Bxg4 gxh4+ 25. Kxh4 f5 26. exf5 Bxf5 27. Re6 Rxe6 28. dxe6 Qf6+ 29. Kh3 Qh6+ 30. Kg3 Qg6 31. Qe2 Re8 32. Nd5 Rxe6 33. Qf3 c4 34. Rc1 Be4 35. Qd1 Bd3 36. b3 Be2 37. Qxe2 Rxe2 38. Rxc4 Qd3+ 39. Bf3 Qxb3 40. Rc8+ Kh7 41. Rc7 Re6 42. f5 Rh6 43. f6 Rh3+ 44. Kxh3 Qxf3+ 45. Kh4 Qe4+ 46. Kh3 Qxd5 0-1

[Event "European Online Club-ch-I 2021"]
[Site "Online"]
[Date "2021.03.27"]
[Round "2.7"]
[White "Boe, Mads"]
[Black "Bulmaga, Irina"]
[Result "1-0"]
[ECO "A46"]
[WhiteElo "2250"]
[BlackElo "2440"]
[Annotator "NA"]
[PlyCount "97"]
[EventDate "2021.03.27"]
[EventType "team-tourn"]
[EventCountry "NET"]
[SourceTitle "playchess.com"]
[Source "ChessBase"]
[SourceQuality "1"]
[TimeControl "900+5"]

1. d4 Nf6 2. Nf3 e6 3. Bg5 c5 4. c3 Nc6 5. e3 h6 6. Bh4 Qb6 7. Qb3 Be7 8. Nbd2 d5 9. h3 Bd7 10. Bg3 c4 11. Qc2 Qa5 12. Be2 b5 13. O-O O-O 14. b3 Qa3 15. Rfb1 Bd6 16. Ne5 Bxe5 17. dxe5 Ne8 18. bxc4 bxc4 19. e4 Na5 20. Rb4 Nc6 21. Rb7 Bc8 22. Rbb1 Nc7 23. f4 a6 24. Qc1 Qxc1+ 25. Rxc1 Rb8 26. Rab1 Bd7 27. Bf2 Rxb1 28. Rxb1 Nb5 29. Rc1 Rb8 30. Bf3 d4 31. cxd4 Nbxd4 32. Nxc4 Nxf3+ 33. gxf3 Nb4 34. Rb1 Nc6 35. Rxb8+ Nxb8 36. Nd6 Ba4 37. Bc5 Nc6 38. Kf2 Bd1 39. h4 h5 40. Ke3 g6 41. Nc4 Ba4 42. Nb2 Bc2 43. Kd2 Bb1 44. a3 Na5 45. Kc3 Nc6 46. Nc4 Ba2 47. Nd2 Na5 48. Bb6 Nc6 49. Kb2 1-0

[Event "European Online Club-ch-I 2021"]
[Site "Online"]
[Date "2021.03.27"]
[Round "2.8"]
[White "Atalik, Ekaterina"]
[Black "Rendboe, John Filip"]
[Result "1-0"]
[ECO "E18"]
[WhiteElo "2430"]
[BlackElo "2169"]
[Annotator "NA"]
[PlyCount "77"]
[EventDate "2021.03.27"]
[EventType "team-tourn"]
[EventCountry "NET"]
[SourceTitle "playchess.com"]
[Source "ChessBase"]
[SourceQuality "1"]
[TimeControl "900+5"]

1. d4 d5 2. c4 e6 3. Nc3 Be7 4. Nf3 Nf6 5. g3 O-O 6. Bg2 b6 7. cxd5 exd5 8. O-O Bb7 9. Bf4 Nh5 10. Rc1 Nxf4 11. gxf4 Nd7 12. Ne5 Nf6 13. e3 a6 14. Qc2 Rc8 15. Rfd1 Qd6 16. Ne2 Ne4 17. Ng3 Nxg3 18. hxg3 c5 19. dxc5 Rxc5 20. Qf5 Bc8 21. Qd3 Bf6 22. Rxc5 bxc5 23. Qxd5 Qb6 24. b3 Be6 25. Qe4 Qa5 26. Qc2 Rd8 27. Rxd8+ Qxd8 28. Be4 Bxe5 29. fxe5 Qc7 30. Qd2 g6 31. f4 h5 32. Kf2 Kg7 33. Bf3 Qb6 34. Qc3 a5 35. Be2 Bd5 36. Bd3 Be6 37. Be4 Qb5 38. Bd3 Qb6 39. Bc4 1-0

[Event "European Online Club-ch-I 2021"]
[Site "Online"]
[Date "2021.03.27"]
[Round "2.9"]
[White "Hurdzan, Tomas"]
[Black "Iskandarov, Misratdin"]
[Result "0-1"]
[ECO "A25"]
[WhiteElo "2317"]
[BlackElo "2535"]
[Annotator "ChessBase"]
[PlyCount "114"]
[EventDate "2021.03.27"]
[EventType "team-tourn"]
[EventCountry "NET"]
[SourceTitle "playchess.com"]
[Source "ChessBase"]
[SourceQuality "1"]
[TimeControl "900+5"]

1. c4 e5 2. Nc3 Nc6 3. g3 g6 4. Bg2 Bg7 5. e3 d6 6. Nge2 Nh6 7. a3 O-O 8. Nd5 f5 9. O-O g5 10. f4 gxf4 11. gxf4 e4 12. d3 exd3 13. Qxd3 Ng4 14. Nec3 Ne7 15. Nxe7+ Qxe7 16. Nd5 Qf7 17. Ra2 c6 18. Nc3 Be6 19. b3 Rad8 20. Re2 Nf6 21. e4 fxe4 22. Nxe4 Bf5 23. Nxf6+ Bxf6 24. Be4 Bxe4 25. Qxe4 d5 26. cxd5 cxd5 27. Qd3 Kh8 28. Rg2 Rg8 29. Qf3 d4 30. f5 d3 31. Be3 Qxb3 32. Bxa7 Rxg2+ 33. Kxg2 Qc2+ 34. Bf2 Rg8+ 35. Kh1 Qe2 36. Qxe2 dxe2 37. Rb1 Rd8 38. Rxb7 Rd1+ 39. Kg2 e1=Q 40. Bxe1 Rxe1 41. a4 Ra1 42. Rb4 Kg7 43. Rg4+ Kh6 44. h3 Ra3 45. Rc4 Kg5 46. Re4 Kxf5 47. Rc4 h5 48. Rb4 Ra2+ 49. Kf3 Be5 50. Rb5 Rxa4 51. Kg2 Ra2+ 52. Kg1 Ke4 53. Rb3 Bd4+ 54. Kh1 Be3 55. Rb8 Kf3 56. Rb1 Kg3 57. Rf1 Rh2# 0-1

[Event "European Online Club-ch-I 2021"]
[Site "Online"]
[Date "2021.03.27"]
[Round "2.10"]
[White "Muradli, Mahammad"]
[Black "Bulockin, Martin"]
[Result "1-0"]
[ECO "E16"]
[WhiteElo "2449"]
[BlackElo "2315"]
[Annotator "NA"]
[PlyCount "91"]
[EventDate "2021.03.27"]
[EventType "team-tourn"]
[EventCountry "NET"]
[SourceTitle "playchess.com"]
[Source "ChessBase"]
[SourceQuality "1"]
[TimeControl "900+5"]

1. d4 Nf6 2. c4 e6 3. Nf3 Bb4+ 4. Bd2 c5 5. Bxb4 cxb4 6. g3 b6 7. Bg2 Bb7 8. O-O O-O 9. Qd3 d6 10. Nbd2 Nbd7 11. e4 e5 12. Rfe1 Qc7 13. Rad1 Rfe8 14. Nh4 Rad8 15. Nf5 Nf8 16. Ne3 Ne6 17. Nb3 exd4 18. Nd5 Bxd5 19. cxd5 Nc5 20. Qc4 Qd7 21. Nxd4 Nfxe4 22. Nc6 Qf5 23. f3 Nf6 24. Nxd8 Rxd8 25. Re2 a5 26. Qb5 Nfd7 27. Qc6 Qf6 28. f4 g6 29. Bh3 h5 30. Qc7 Na6 31. Qc6 Nac5 32. Kg2 Kf8 33. Rde1 a4 34. Bxd7 Rxd7 35. Re8+ Kg7 36. Qc8 Kh7 37. R1e2 b3 38. axb3 axb3 39. Rg8 Ra7 40. f5 h4 41. fxg6+ fxg6 42. Ree8 Qxb2+ 43. Kh3 Kh6 44. Qg4 Qf6 45. Ref8 Qg5 46. Rh8+ 1-0

[Event "European Online Club-ch-I 2021"]
[Site "Online"]
[Date "2021.03.27"]
[Round "2.11"]
[White "Sprenar, Petr"]
[Black "Mammadzada, Gunay"]
[Result "0-1"]
[ECO "D93"]
[WhiteElo "2259"]
[BlackElo "2443"]
[Annotator "NA"]
[PlyCount "62"]
[EventDate "2021.03.27"]
[EventType "team-tourn"]
[EventCountry "NET"]
[SourceTitle "playchess.com"]
[Source "ChessBase"]
[SourceQuality "1"]
[TimeControl "900+5"]

1. d4 d5 2. c4 c6 3. Nf3 Nf6 4. Qc2 g6 5. Bf4 Bg7 6. e3 O-O 7. Nc3 c5 8. dxc5 Qa5 9. Nd2 dxc4 10. Bxc4 Qxc5 11. O-O a6 12. h3 Nc6 13. Rac1 Qa7 14. Rfd1 b5 15. Be2 Bf5 16. Nce4 Nxe4 17. Nxe4 Nb4 18. Qb3 e5 19. Bxe5 Nxa2 20. Qxa2 Bxe5 21. Nc5 Rfc8 22. b4 Re8 23. Bf3 Rad8 24. Qxa6 Qxa6 25. Nxa6 Rxd1+ 26. Rxd1 Be6 27. Bc6 Rc8 28. Bxb5 Bb3 29. Rb1 Ba2 30. Rd1 Bb3 31. Rd3 Rc1+ 0-1

[Event "European Online Club-ch-I 2021"]
[Site "Online"]
[Date "2021.03.27"]
[Round "2.12"]
[White "Bashirli, Nail"]
[Black "Eret, Matous"]
[Result "1-0"]
[ECO "B23"]
[WhiteElo "2382"]
[BlackElo "2255"]
[Annotator "NA"]
[PlyCount "73"]
[EventDate "2021.03.27"]
[EventType "team-tourn"]
[EventCountry "NET"]
[SourceTitle "playchess.com"]
[Source "ChessBase"]
[SourceQuality "1"]
[TimeControl "900+5"]

1. e4 c5 2. Nc3 e6 3. f4 a6 4. g3 b5 5. Bg2 Bb7 6. d3 d6 7. Nh3 Be7 8. O-O Nf6 9. f5 e5 10. a4 b4 11. Nd5 Nbd7 12. Nxe7 Qxe7 13. g4 h6 14. Nf2 a5 15. c3 Ba6 16. Re1 Nh7 17. Qf3 Nb6 18. Qg3 O-O-O 19. Be3 Kb8 20. Red1 f6 21. d4 Rc8 22. dxc5 dxc5 23. cxb4 axb4 24. a5 Nc4 25. Bf1 Qb7 26. Bxc4 Bxc4 27. Rdc1 Qb5 28. b3 Bxb3 29. Bxc5 Rxc5 30. Qxb3 Rhc8 31. Rxc5 Qxc5 32. Ra4 Ng5 33. Rxb4+ Ka8 34. Kg2 Rc7 35. Rb5 Qc6 36. Rb6 Qc4 37. Rb8+ 1-0

[Event "European Online Club-ch-I 2021"]
[Site "Online"]
[Date "2021.03.27"]
[Round "2.14"]
[White "Heberla, Bartlomiej"]
[Black "Bilquez, Romain"]
[Result "1-0"]
[ECO "C02"]
[WhiteElo "2556"]
[BlackElo "2276"]
[Annotator "ChessBase"]
[PlyCount "77"]
[EventDate "2021.03.27"]
[EventType "team-tourn"]
[EventCountry "NET"]
[SourceTitle "playchess.com"]
[Source "ChessBase"]
[SourceQuality "1"]
[TimeControl "900+5"]

1. e4 e6 2. d4 d5 3. e5 c5 4. c3 Nc6 5. Nf3 f6 6. Bd3 fxe5 7. dxe5 g6 8. h4 Bg7 9. Qe2 c4 10. Bc2 Qc7 11. Bf4 Nge7 12. h5 O-O 13. g3 b5 14. Nbd2 Bb7 15. Nd4 Nxd4 16. cxd4 c3 17. Nb3 cxb2 18. Rb1 Qc3+ 19. Qd2 Qxd2+ 20. Bxd2 Rfc8 21. Rxb2 a6 22. Bg5 Nc6 23. hxg6 hxg6 24. Bxg6 a5 25. f4 a4 26. Rbh2 Rf8 27. Nc5 Nxd4 28. Nxb7 Nf3+ 29. Ke2 Nxh2 30. Rxh2 b4 31. Bh7+ Kh8 32. Bf5+ Kg8 33. Bxe6+ Rf7 34. Nd6 b3 35. Bxf7+ Kf8 36. e6 Bc3 37. Rh7 Ra7 38. Nf5 Rxf7 39. exf7 1-0

[Event "European Online Club-ch-I 2021"]
[Site "Online"]
[Date "2021.03.27"]
[Round "2.15"]
[White "Martsynovskaya, Marina"]
[Black "Nayhebaver, Martin"]
[Result "0-1"]
[ECO "B91"]
[WhiteElo "2046"]
[BlackElo "2485"]
[Annotator "ChessBase"]
[PlyCount "62"]
[EventDate "2021.03.27"]
[EventType "team-tourn"]
[EventCountry "NET"]
[SourceTitle "playchess.com"]
[Source "ChessBase"]
[SourceQuality "1"]
[TimeControl "900+5"]

1. e4 c5 2. Nf3 d6 3. d4 cxd4 4. Nxd4 Nf6 5. Nc3 a6 6. g3 e5 7. Nb3 Bg4 8. f3 Be6 9. Be3 Be7 10. Nd5 Bxd5 11. exd5 Nbd7 12. c4 O-O 13. Bd3 Rc8 14. Rc1 e4 15. fxe4 Ne5 16. O-O Nfg4 17. Bd4 Bg5 18. Rf4 Bxf4 19. gxf4 Qh4 20. Rc2 Nxd3 21. Qxd3 f5 22. e5 dxe5 23. fxe5 f4 24. Qf3 Nxe5 25. Bxe5 Qe1+ 26. Qf1 Qxe5 27. Re2 Qf6 28. Rd2 f3 29. Nd4 f2+ 30. Kh1 Rxc4 31. Ne6 Qf3+ 0-1

[Event "European Online Club-ch-I 2021"]
[Site "Online"]
[Date "2021.03.27"]
[Round "2.16"]
[White "Vavra, Michal"]
[Black "Devallee, Jeremie"]
[Result "0-1"]
[ECO "A88"]
[WhiteElo "1986"]
[BlackElo "2220"]
[Annotator "NA"]
[PlyCount "66"]
[EventDate "2021.03.27"]
[EventType "team-tourn"]
[EventCountry "NET"]
[SourceTitle "playchess.com"]
[Source "ChessBase"]
[SourceQuality "1"]
[TimeControl "900+5"]

1. Nf3 g6 2. d4 Bg7 3. g3 f5 4. Bg2 Nf6 5. O-O O-O 6. c4 d6 7. Nc3 c6 8. Bf4 h6 9. h4 Nh5 10. Qd2 Nxf4 11. Qxf4 Qe8 12. d5 e5 13. dxe6 Bxe6 14. Rad1 Qf7 15. Qxd6 Nd7 16. c5 Rad8 17. Nd4 Bc4 18. b3 Be5 19. bxc4 Bxd6 20. cxd6 Qxc4 21. Nd5 cxd5 22. Ne6 Nb6 23. Nxf8 Kxf8 24. Rc1 Qb4 25. Rc7 Qxd6 26. Rxb7 Rd7 27. Rxd7 Qxd7 28. Kh2 h5 29. Rd1 Kg7 30. e3 Kf6 31. Rd4 Qc6 32. Rd2 Ke5 33. Kg1 Qc1+ 0-1

[Event "European Online Club-ch-I 2021"]
[Site "Online"]
[Date "2021.03.27"]
[Round "2.18"]
[White "Mchedlishvili, Mikheil"]
[Black "Moranda, Wojciech"]
[Result "1-0"]
[ECO "D45"]
[WhiteElo "2570"]
[BlackElo "2618"]
[Annotator "ChessBase"]
[PlyCount "73"]
[EventDate "2021.03.27"]
[EventType "team-tourn"]
[EventCountry "NET"]
[SourceTitle "playchess.com"]
[Source "ChessBase"]
[SourceQuality "1"]
[TimeControl "900+5"]

1. d4 Nf6 2. c4 e6 3. Nf3 d5 4. Nc3 c6 5. e3 a6 6. b3 c5 7. Bb2 cxd4 8. exd4 b6 9. Bd3 Bb7 10. O-O Be7 11. Qe2 O-O 12. Rad1 Nbd7 13. Rfe1 Re8 14. Ne5 Bf8 15. Bc1 Bb4 16. Bd2 Rc8 17. Nxd5 Bxd2 18. Nxf6+ gxf6 19. Nxd7 Bg5 20. h4 Qxd7 21. Qh5 h6 22. hxg5 fxg5 23. Qxh6 f5 24. Qxg5+ Qg7 25. Qxg7+ Kxg7 26. d5 Kf6 27. dxe6 Rxe6 28. Rxe6+ Kxe6 29. f3 a5 30. Kf2 Ke5 31. Re1+ Kf6 32. Rh1 Ke5 33. Rh5 Kd4 34. Bxf5 Rb8 35. g4 Rf8 36. Kg3 Kc3 37. Rh6 1-0

[Event "European Online Club-ch-I 2021"]
[Site "Online"]
[Date "2021.03.27"]
[Round "2.19"]
[White "Socko, Bartosz"]
[Black "Ibarra Jerez, Jose Carlos"]
[Result "1-0"]
[ECO "E60"]
[WhiteElo "2618"]
[BlackElo "2553"]
[Annotator "ChessBase"]
[PlyCount "75"]
[EventDate "2021.03.27"]
[EventType "team-tourn"]
[EventCountry "NET"]
[SourceTitle "playchess.com"]
[Source "ChessBase"]
[SourceQuality "1"]
[TimeControl "900+5"]

1. d4 Nf6 2. c4 d6 3. Nf3 g6 4. g3 Bg7 5. Bg2 O-O 6. O-O Bf5 7. Nh4 Be4 8. f3 Bc6 9. e4 e5 10. d5 Bd7 11. Nc3 a5 12. Be3 Na6 13. Qd2 Nh5 14. Bh1 Nf4 15. gxf4 exf4 16. Bf2 Qf6 17. Rad1 g5 18. Ng2 Qg6 19. Ne1 f5 20. Bg2 fxe4 21. Nxe4 g4 22. Kh1 Rae8 23. Bd4 g3 24. Bxg7 Qh5 25. Nxg3 fxg3 26. Qh6 Rf5 27. Rd2 Qf7 28. Bd4 Rh5 29. Qf6 Rxh2+ 30. Kg1 Qxf6 31. Bxf6 h5 32. Rd4 Re2 33. Re4 Rd2 34. Re7 h4 35. Rxd7 h3 36. Rg7+ Kf8 37. Rxg3 Rh1+ 38. Kxh1 1-0

[Event "European Online Club-ch-I 2021"]
[Site "Online"]
[Date "2021.03.27"]
[Round "2.20"]
[White "Cuenca Jimenez, Jose Fernando"]
[Black "Tomczak, Jacek"]
[Result "1/2-1/2"]
[ECO "A28"]
[WhiteElo "2506"]
[BlackElo "2610"]
[Annotator "ChessBase"]
[PlyCount "101"]
[EventDate "2021.03.27"]
[EventType "team-tourn"]
[EventCountry "NET"]
[SourceTitle "playchess.com"]
[Source "ChessBase"]
[SourceQuality "1"]
[TimeControl "900+5"]

1. c4 e5 2. Nc3 Nf6 3. Nf3 Nc6 4. e4 Bb4 5. d3 d6 6. a3 Bc5 7. b4 Bb6 8. Na4 Bd4 9. Nxd4 Nxd4 10. Be2 a5 11. b5 O-O 12. O-O Nd7 13. f4 f5 14. exf5 Nc5 15. Nxc5 dxc5 16. Bf3 Nxf3+ 17. Rxf3 Rxf5 18. Bb2 exf4 19. Qd2 Qd6 20. Raf1 Be6 21. Rxf4 Rxf4 22. Rxf4 Re8 23. Rf3 Bf7 24. Qc3 Qd4+ 25. Qxd4 cxd4 26. Bxd4 Bh5 27. Rg3 g6 28. Be3 Be2 29. Bd2 Rf8 30. h3 Rf1+ 31. Kh2 Rd1 32. Bxa5 Rxd3 33. Bxc7 Rxg3 34. Kxg3 Bxc4 35. a4 Kf7 36. Kf2 Ke6 37. g3 Bb3 38. a5 Bc4 39. b6 h5 40. Ke3 Ba6 41. Kf4 Bb5 42. Kg5 Kf7 43. Bd8 Ba6 44. Kf4 Ke6 45. Ke4 Bb5 46. Bc7 Ba6 47. h4 Bb5 48. Kf4 Ba6 49. Ke4 Bb5 50. Kf4 Ba6 51. Ke4 1/2-1/2

[Event "European Online Club-ch-I 2021"]
[Site "Online"]
[Date "2021.03.27"]
[Round "3.1"]
[White "Mareco, Sandro"]
[Black "Verdier, Patrice"]
[Result "1-0"]
[ECO "A30"]
[WhiteElo "2629"]
[BlackElo "2109"]
[Annotator "ChessBase"]
[PlyCount "95"]
[EventDate "2021.03.27"]
[EventType "team-tourn"]
[EventCountry "NET"]
[SourceTitle "playchess.com"]
[Source "ChessBase"]
[SourceQuality "1"]
[TimeControl "900+5"]

1. c4 Nf6 2. Nf3 c5 3. Nc3 e6 4. g3 b6 5. Bg2 Bb7 6. O-O Be7 7. d4 cxd4 8. Nxd4 Bxg2 9. Kxg2 Nc6 10. Nc2 O-O 11. e4 d6 12. b3 a6 13. Qe2 Qc7 14. Bb2 Rfe8 15. Rac1 Qb7 16. Rfd1 Rad8 17. Ne3 Bf8 18. f3 Ne5 19. Rd2 Ned7 20. Rcd1 h6 21. Ba3 Nc5 22. e5 Nh7 23. Bxc5 bxc5 24. Ne4 d5 25. cxd5 exd5 26. Rxd5 Rxd5 27. Rxd5 Qc7 28. Nc4 Qc6 29. Qd3 Ng5 30. Nxg5 hxg5 31. h3 Re6 32. Rd8 g6 33. Rb8 Qc7 34. Qd8 Qxd8 35. Rxd8 Kg7 36. Kf2 Be7 37. Rd7 Kf8 38. Ke3 f6 39. Ke4 Ke8 40. Rb7 fxe5 41. Kd5 Rf6 42. Rb8+ Kd7 43. Rg8 Kc7 44. Rg7 Kd8 45. Nxe5 Rf5 46. Ke4 Bf6 47. Rg8+ Kc7 48. Nxg6 1-0

[Event "European Online Club-ch-I 2021"]
[Site "Online"]
[Date "2021.03.27"]
[Round "3.2"]
[White "Van Hoolandt, Patrick"]
[Black "Mchedlishvili, Mikheil"]
[Result "0-1"]
[ECO "A70"]
[WhiteElo "2017"]
[BlackElo "2570"]
[Annotator "ChessBase"]
[PlyCount "46"]
[EventDate "2021.03.27"]
[EventType "team-tourn"]
[EventCountry "NET"]
[SourceTitle "playchess.com"]
[Source "ChessBase"]
[SourceQuality "1"]
[TimeControl "900+5"]

1. d4 Nf6 2. c4 c5 3. d5 g6 4. Nc3 Bg7 5. e4 d6 6. Bd3 O-O 7. Nf3 e6 8. h3 exd5 9. cxd5 Nbd7 10. O-O Re8 11. Bf4 c4 12. Bc2 Nc5 13. Re1 Qb6 14. Rb1 Bd7 15. Bh2 Rad8 16. e5 dxe5 17. Rxe5 Bc8 18. Qe2 Rxe5 19. Nxe5 Nxd5 20. Qxc4 Be6 21. Qh4 Nxc3 22. bxc3 Qxb1+ 23. Bxb1 Rd1# 0-1

[Event "European Online Club-ch-I 2021"]
[Site "Online"]
[Date "2021.03.27"]
[Round "3.3"]
[White "Ibarra Jerez, Jose Carlos"]
[Black "Meylan, Pierre"]
[Result "1-0"]
[ECO "B06"]
[WhiteElo "2553"]
[BlackElo "2053"]
[Annotator "ChessBase"]
[PlyCount "63"]
[EventDate "2021.03.27"]
[EventType "team-tourn"]
[EventCountry "NET"]
[SourceTitle "playchess.com"]
[Source "ChessBase"]
[SourceQuality "1"]
[TimeControl "900+5"]

1. e4 c6 2. Nf3 d5 3. d3 g6 4. e5 Bg7 5. d4 c5 6. c3 Nc6 7. Bb5 Bg4 8. Nbd2 cxd4 9. cxd4 e6 10. Bxc6+ bxc6 11. O-O Ne7 12. h3 Bxf3 13. Nxf3 O-O 14. b3 c5 15. dxc5 Qc7 16. Bg5 Nc6 17. Bf6 Nxe5 18. Bxg7 Kxg7 19. Qd4 f6 20. Nxe5 fxe5 21. Qc3 Rf4 22. Rae1 d4 23. Qc4 Rc8 24. Qxe6 Qxc5 25. Rxe5 Qc2 26. Qd7+ Kh6 27. Re7 Qf5 28. Rxh7+ Kg5 29. g3 Rxf2 30. Qe7+ Qf6 31. Qxf6+ Rxf6 32. h4+ 1-0

[Event "European Online Club-ch-I 2021"]
[Site "Online"]
[Date "2021.03.27"]
[Round "3.4"]
[White "Rapaire, Jean-Michel"]
[Black "Terry, Renato"]
[Result "0-1"]
[ECO "C01"]
[WhiteElo "1739"]
[BlackElo "2504"]
[Annotator "ChessBase"]
[PlyCount "124"]
[EventDate "2021.03.27"]
[EventType "team-tourn"]
[EventCountry "NET"]
[SourceTitle "playchess.com"]
[Source "ChessBase"]
[SourceQuality "1"]
[TimeControl "900+5"]

1. e4 e6 2. d4 d5 3. exd5 exd5 4. Bf4 Bd6 5. Bxd6 Qxd6 6. c3 Nf6 7. Bd3 O-O 8. Ne2 Bg4 9. f3 Bh5 10. O-O c5 11. dxc5 Qxc5+ 12. Kh1 Nc6 13. Nd2 Qe3 14. Nb3 Ne5 15. Nbc1 Bg6 16. Bxg6 hxg6 17. Nd4 Rfe8 18. Re1 Qh6 19. Nd3 Nc4 20. Qc2 Nh5 21. Qf2 Nf4 22. Nxf4 Qxf4 23. b3 Ne5 24. Rad1 Rad8 25. Ne2 Qf6 26. Nd4 Rc8 27. Ne2 Ng4 28. Qxa7 Ne3 29. Rc1 Ra8 30. Qd4 Rxa2 31. Qxf6 gxf6 32. Nf4 Kf8 33. g3 Ra3 34. Rb1 f5 35. Nd3 Ra2 36. Rb2 Rxb2 37. Nxb2 Re6 38. Kg1 Nc2 39. Rxe6 fxe6 40. Kf2 Ke7 41. Nd3 Na3 42. Ke2 Nb5 43. Kd2 Kf6 44. h3 e5 45. c4 dxc4 46. bxc4 Nd4 47. Ke3 Nc2+ 48. Kd2 Nd4 49. Ke3 Ne6 50. Nb4 Nc7 51. Nd5+ Nxd5+ 52. cxd5 Ke7 53. h4 Kd6 54. g4 Kxd5 55. gxf5 gxf5 56. h5 Ke6 57. Kd3 Kf6 58. Kc4 Kg5 59. h6 Kxh6 60. Kd5 Kg5 61. Kxe5 b5 62. f4+ Kg4 0-1